 Dungeon Crawl Stone Soup version 0.30.0-17-ge0270778cf (webtiles) character file.

Game seed: 11775448754361089088

291 Irreverend the Magician (level 6, 0/40 HPs)
             Began as a Djinni Ice Elementalist on May 23, 2023.
             Slain by a gnoll bouda
             ... wielding a +0 club
              (3 damage)
             ... on level 4 of the Dungeon.
             The game lasted 00:05:35 (2433 turns).

Irreverend the Magician (Djinni Ice Elementalist)   Turns: 2433, Time: 00:05:36

Health: 0/40       AC:  9    Str:  7    XL:     6   Next: 58%
Gold:   175        EV: 12    Int: 18    God:
                   SH:  0    Dex: 14

rFire   + + .        (no weapon)
rCold   x . .        (no shield)
rNeg    . . .        a - +0 robe
rPois   ∞            (no helmet)
rElec   .            (no cloak)
rCorr   .            (no gloves)
SInv    .            (boots unavailable)
Will    .....        d - amulet of regeneration
Stlth   ++           (no ring)
HPRegen 1.06/turn    (no ring)
MPRegen 0.00/turn

%: infuse magic (-1 HP)
@: ice-armoured, flying
A: sickness immunity, fire resistance 2, cold vulnerability 1, float, innate
caster, HP casting, extra vitality 1
a: no special abilities


You were on level 4 of the Dungeon.
You visited 1 branch of the dungeon, and saw 4 of its levels.

You collected 175 gold pieces.

Inventory:

Armour
 a - a +0 robe (worn)
Jewellery
 d - an amulet of regeneration (around neck)
Scrolls
 c - 3 scrolls of poison {unknown}
 e - a scroll of fear {unknown}
 g - 3 scrolls of fog {unknown}
 h - 2 scrolls of enchant armour {unknown}
 i - 3 scrolls of teleportation {unknown}
 k - 2 scrolls of identify {unknown}
 m - a scroll of blinking {unknown}
Potions
 b - 2 potions of heal wounds {unknown}
 f - 2 potions of resistance {unknown}
 j - a potion of lignification {unknown}
 l - a potion of cancellation {unknown}
 n - a potion of berserk rage {unknown}
 o - a potion of flight {unknown}
 p - a potion of curing {unknown}


   Skills:
 - Level 2.1 Dodging
 - Level 1.5 Stealth
 * Level 5.8 Spellcasting


You knew the following spells:

 Your Spells              Type           Power      Damage    Failure   Level
a - Freeze                Ice            100%       1d10      1%          1
b - Frozen Ramparts       Ice            52%        1d8       3%          3
c - Ozocubu's Armour      Ice            26%        N/A       3%          3
d - Summon Ice Beast      Ice/Summ       26%        N/A       11%         4
e - Magic Dart            Conj           100%       1d8       1%          1
f - Call Imp              Summ           52%        N/A       1%          2
Your spell library was empty.

Dungeon Overview and Level Annotations

Branches:
Dungeon (4/15)
 Temple: D:4-7

Altars:

Shops:
D:1 ?


Innate Abilities, Weirdness & Mutations

You are immune to sickness and miasma.
You are immune to poison.
Your flesh is very heat resistant. (rF++)
You are vulnerable to cold. (rC-)
You float through the air rather than walking.
You learn spells naturally, not from books.
Your magical power is your life essence.
You have superior vitality. (+4 MHP)


Message History

Your ice beast barely misses the gnoll bouda.
The gnoll bouda misses you.
The gnoll hits you from afar with a +0 spear.
The gnoll misses you.
The gnoll bouda hits you with a +0 club.
Your ice beast hits the gnoll bouda but does no damage.
The gnoll barely misses you. The gnoll bouda barely misses you.
The gnoll barely misses you.
A jelly comes into view.
Your ice beast misses the gnoll bouda.
Casting: Summon Ice Beast (quite dangerous; 11% risk of failure)
Confirm with . or Enter, or press ? or * to list all spells.
Your icy armour thickens.
The gnoll closely misses you.
The wall freezes the orc priest but does no damage.
Your ice beast closely misses the gnoll bouda.
The gnoll barely misses you. The gnoll bouda misses you.
The gnoll closely misses you.
A dart slug comes into view.
The gnoll hits you but does no damage.
Your ice beast barely misses the gnoll bouda.
The wall freezes the orc priest.
The orc priest misses you.
The gnoll bouda hits you with a +0 club.
Your attacks no longer feel as feeble.
The gnoll closely misses you.
The scorpion stings your ice beast but does no damage.
The wall freezes the orc priest but does no damage.
The orc priest hits you with a +0 flail.
The gnoll hits you but does no damage.
The wall freezes the orc.
The gnoll bouda hits you with a +0 club.
* * * LOW HITPOINT WARNING * * *
Your ice beast misses the scorpion.
The frozen ramparts melt away.
The scorpion stings your ice beast.
The gnoll hits you from afar with a +0 spear!
* * * LOW HITPOINT WARNING * * *
The orc priest hits you but does no damage.
The gnoll barely misses you.
Your ice beast hits the scorpion.
Your ice beast freezes the scorpion.
The scorpion barely misses your ice beast.
The gnoll bouda hits you with a +0 club.
You die...

### ##...#....
###..##.....w...
#.............##..
#....#...J....#..
#...#S........#
...ogo.......#.
#ogg.........
#@Ys.........
##.g....##...
#............
#.......####..
##.....###.......
###..##.........
#...........#
##..........##
##)...........##


You could see a gnoll bouda, a scorpion (distracted, ally target), a jelly, an
orc priest, 2 gnolls, an adder, a dart slug, 2 orcs, a goblin and a friendly ice
beast (summoned).

Vanquished Creatures
  Sigmund (D:3)
  A jelly (D:4)
  2 gnolls (D:4)
  4 adders
  A worm (D:2)
  2 dart slugs (D:2)
  An orc (D:3)
  5 bats
  6 endoplasms
  8 giant cockroaches
  5 goblins
  2 hobgoblins
  A quokka (D:1)
  A ball python (D:3)
  A frilled lizard (D:1)
  5 kobolds
  2 rats (D:3)
48 creatures vanquished.

Notes
Turn   | Place    | Note
-------+----------+-------------------------------------------
     0 | D:1      | Irreverend the Djinni Ice Elementalist began the quest for
                  | the Orb.
     0 | D:1      | Irreverend set off with the following spells memorised:
                  | Freeze, Frozen Ramparts, Ozocubu's Armour, Summon Ice
                  | Beast.
     0 | D:1      | Reached XP level 1. HP: 15/15 MP: 0/0
   112 | D:1      | Reached XP level 2. HP: 21/21 MP: 0/0
   473 | D:1      | Found Birairo's Magic Scroll Shoppe.
   796 | D:2      | Reached XP level 3. HP: 23/25 MP: 0/0
   796 | D:2      | Learned a level 1 spell: Magic Dart
   906 | D:2      | Reached skill level 4 in Spellcasting
  1161 | D:2      | Reached XP level 4. HP: 23/31 MP: 0/0
  1771 | D:3      | Noticed Sigmund
  1788 | D:3      | Killed Sigmund
  1789 | D:3      | Reached skill level 5 in Spellcasting
  1789 | D:3      | Reached XP level 5. HP: 10/35 MP: 0/0
  1789 | D:3      | Learned a level 2 spell: Call Imp
  1789 | D:3      | Reached XP level 6. HP: 12/40 MP: 0/0
  2433 | D:4      | Slain by a gnoll bouda

Illustrated notes

Levels and vault maps discovered:
D:1:      matt_arrival_refuge, layout_loops_cross, serial_shops, shop
D:2:      layout_loops_ring, minmay_tripent
D:3:      layout_basic, amcnicky_altar_gilded, minmay_misc_feat_x, uniq_sigmund
D:4:      layout_cave_pools, nicolae_qazlal_general_emergency, uniq_robin

Skill      XL: |  1  2  3  4 |
---------------+-------------+-----
Spellcasting   | 4 5 |  5.8
Dodging        | |  2.1
Stealth        | |  1.5

Action                     |  1- 3 |  4- 6 || total
---------------------------+-------+-------++-------
  Melee: Unarmed           |     1 |       ||     1
   Cast: Freeze            |    36 |     2 ||    38
         Frozen Ramparts   |     7 |    19 ||    26
         Magic Dart        |       |     9 ||     9
         Ozocubu's Armour  |       |     7 ||     7
         Summon Ice Beast  |       |     2 ||     2
 Armour: Robe              |     6 |    16 ||    22
  Dodge: Dodged            |    22 |    29 ||    51
